Map: Invader LE

Players

HabsExecutor

  • Race: Protoss Protoss
  • League: Diamond

Zarkze - Winner!

  • Race: Terran Terran
  • League: Gold

VOD

Have the link to the VOD?

Description

Time

  • Played on: July 1, 2016, 11:49 p.m.
  • Length: 24:45
Show
View Real Time Build Order
Export as new Build Order

HabsExecutor Protoss 

Build Orders:  

Get SALT Encoding   

  12  0:13  Probe (Chrono Boost)  
  13  0:18  Pylon  
  13  0:25  Probe (Chrono Boost)  
  14  0:33  Assimilator  
  14  0:38  Gateway  
  14  0:42  Probe (Chrono Boost)  
  15  0:52  Assimilator  
  15  0:56  Probe (Chrono Boost)  
  16  1:01  Pylon  
  16  1:07  Probe (Chrono Boost)  
  17  1:17  Probe (Chrono Boost)  
  18  1:27  Cybernetics Core  
  18  1:28  Probe (Chrono Boost)  
  19  1:39  Probe (Chrono Boost)  
  20  1:49  Probe (Chrono Boost)  
  21  2:00  Probe (Chrono Boost)  
  22  2:03  Stalker (Chrono Boost)  
  22  2:05  Warp Gate  
  24  2:12  Mothership Core  
  26  2:27  Twilight Council  
  26  2:34  Robotics Facility  
  26  2:38  Probe  
  27  2:54  Probe  
  28  3:02  Nexus  
  28  3:07  Pylon  
  28  3:13  Resonating Glaives (Chrono Boost)  
  28  3:17  Probe  
  29  3:25  Pylon  
  29  3:31  Probe  
  30  3:42  Gateway  
  30  3:46  Gateway  
  30  3:58  Warp Prism (Chrono Boost)  
  32  4:08  Gateway  
  32  4:18  Gateway  
  32  4:21  Probe  
  33  4:31  Gateway  
  33  4:37  Gateway  
  33  4:45  Gateway  
  33  4:55  Probe  
  33  4:57  Probe  
  35  5:00  Pylon  
  35  5:07  Adept x2  
  35  5:13  Adept  
  41  5:15  Adept  
  43  5:34  Pylon  
  43  5:46  Adept x4  
  43  5:47  Adept x2  
  53  6:01  Adept  
  48  6:05  Probe  
  48  6:07  Probe  
  42  6:11  Adept x2  
  42  6:15  Adept  
  34  6:18  Probe  
  34  6:20  Probe  
  30  6:29  Probe  
  30  6:32  Probe  
  30  6:48  Probe  
  30  6:50  Probe  
  34  6:58  Stalker  
  34  6:59  Probe  
  37  7:08  Probe  
  38  7:10  Probe  
  38  7:13  Stalker  
  37  7:23  Observer (Chrono Boost)  
  37  7:27  Stalker x3  
  37  7:28  Stalker  
  46  7:32  Probe  
  46  7:44  Stalker  
  46  7:48  Probe  
  46  7:49  Probe  
  50  7:58  Probe  
  50  8:05  Pylon  
  55  8:14  Blink (Chrono Boost)  
  51  8:20  Warp Prism  
  51  8:22  Stalker x2  
  51  8:24  Stalker  
  59  8:27  Probe  
  59  8:28  Probe  
  61  8:40  Probe  
  61  8:41  Probe  
  62  8:45  Pylon  
  63  9:01  Forge x2  
  61  9:22  Stalker x3  
  61  9:23  Stalker x5  
  63  9:48  Stalker x4  
  63  9:49  Stalker x2  
  75  10:00  Stalker  
  75  10:01  Stalker  
  62  10:26  Stalker x5  
  62  10:27  Stalker  
  56  10:42  Adept  
  56  10:43  Adept  
  60  10:51  Adept x4  
  40  11:33  Stalker x6  
  40  11:39  Assimilator  
  52  11:41  Probe  
  52  11:42  Assimilator, Probe  
  54  11:49  Immortal  
  54  11:52  Probe  
  54  11:53  Zealot  
  61  11:54  Probe  
  62  12:02  Probe  
  62  12:07  Probe  
  64  12:09  Protoss Ground Weapons Level 1 (Chrono Boost)  
  64  12:16  Protoss Ground Armor Level 1 (Chrono Boost)  
  64  12:22  Stalker  
  66  12:23  Zealot x2  
  66  12:26  Adept  
  66  12:29  Adept  
  74  12:35  Probe x2  
  76  12:59  Nexus  
  76  13:02  Pylon  
  76  13:09  Adept  
  76  13:10  Adept  
  80  13:28  Adept x3  
  86  13:40  Probe  
  88  13:41  Probe  
  88  13:43  Pylon  
  88  13:53  Assimilator  
  88  13:55  Assimilator  
  88  13:58  Photon Cannon  
  88  13:59  Photon Cannon  
  88  14:08  Photon Cannon  
  88  14:14  Probe  
  88  14:15  Probe  
  90  14:23  Protoss Ground Armor Level 2 (Chrono Boost)  
  90  14:30  Protoss Ground Weapons Level 2 (Chrono Boost)  
  90  14:34  Templar Archives  
  83  14:51  Stalker x2  
  83  14:52  Zealot  
  75  15:15  Probe  
  75  15:16  Probe  
  75  15:17  Probe  
  75  15:18  Psionic Storm  
  75  15:20  Pylon  
  78  15:29  Observer  
  78  15:30  Probe x2  
  81  15:37  High Templar x3  
  81  15:38  High Templar x4  
  81  15:41  Zealot  
  97  15:48  Pylon  
  97  15:55  Pylon  
  97  15:56  Charge (Chrono Boost)  
  97  15:58  Warp Prism  
  99  16:07  Photon Cannon  
  99  16:08  Photon Cannon  
  99  16:31  Zealot x3  
  99  16:32  Zealot x3  
  111  16:40  Pylon  
  111  16:42  Observer  
  112  17:06  Stalker x3  
  112  17:07  Stalker x3  
  110  17:08  Stalker  
  98  17:23  Warp Prism  
  98  17:26  Stalker  
  66  18:28  Stalker x3  
  66  18:29  Stalker x4  
  66  18:30  Stalker, Protoss Ground Weapons Level 3  
  70  18:50  Protoss Ground Armor Level 3  
  70  18:54  Adept x4  
  70  18:55  Adept x4  
  76  19:32  High Templar x5  
  76  19:34  Zealot  
  76  19:36  Archon x2  
  76  19:38  Zealot x2  
  64  19:46  Immortal  
  64  19:51  Nexus  
  68  19:56  Pylon  
  68  20:04  High Templar x2  
  68  20:06  Zealot  
  74  20:28  Photon Cannon  
  74  20:32  High Templar x2  
  74  20:33  Zealot x2  
  86  20:52  Stalker x2  
  84  21:14  Stalker x3  
  84  21:15  Stalker x2  
  52  21:41  Stalker x7  
  62  22:06  Assimilator  
  62  22:09  Assimilator, Adept x6  
  74  22:19  Mothership Core  
  76  22:29  Templar Archives  
  66  22:38  Stalker  
  66  22:39  Zealot  
  66  22:40  Zealot x4  
  66  22:43  Zealot  
  73  23:14  High Templar x3  
  73  23:15  Zealot  
  73  23:16  Zealot x3  
  87  23:25  Photon Cannon  
  87  23:34  Probe  
  87  23:36  Probe  
  89  23:55  Zealot x6  
  101  24:18  Pylon  
  101  24:20  Zealot  
  101  24:21  Zealot x3  
  88  24:31  Archon  
Show
View Real Time Build Order
Export as new Build Order

Zarkze Terran - Winner!

Build Orders: Reaper Expand 

Get SALT Encoding   

  12  0:01  SCV  
  13  0:13  SCV  
  14  0:20  Supply Depot  
  14  0:25  SCV  
  15  0:42  SCV  
  16  0:43  Barracks  
  16  0:48  Refinery  
  16  0:54  SCV  
  17  0:59  Supply Depot  
  17  1:09  SCV  
  18  1:21  SCV  
  19  1:31  Reaper  
  20  1:33  Orbital Command  
  20  1:56  Command Center  
  21  2:01  SCV  
  21  2:03  Reaper  
  22  2:13  SCV  
  23  2:16  Refinery  
  23  2:25  SCV  
  23  2:29  Factory  
  24  2:33  Engineering Bay  
  24  2:37  SCV  
  25  3:00  Barracks Reactor  
  25  3:01  SCV  
  25  3:04  Terran Infantry Weapons Level 1  
  26  3:10  Supply Depot  
  26  3:11  Orbital Command  
  26  3:13  SCV  
  26  3:16  Bunker  
  27  3:25  Widow Mine, SCV  
  30  3:39  Marine  
  30  3:40  Marine  
  32  3:42  SCV x2  
  34  3:52  Starport  
  34  3:55  SCV x2  
  38  3:57  Factory Reactor  
  38  3:58  Marine  
  38  3:59  Marine  
  38  4:07  SCV x2  
  40  4:12  Liberator  
  40  4:16  Marine x2  
  42  4:19  SCV  
  42  4:20  SCV  
  44  4:25  Missile Turret  
  47  4:34  Marine x2  
  47  4:35  Supply Depot, SCV  
  47  4:36  SCV  
  51  4:47  Barracks, SCV  
  51  4:48  SCV  
  51  4:52  Marine  
  53  4:53  Barracks  
  53  4:57  Marine  
  56  5:00  SCV x2  
  56  5:05  Liberator  
  57  5:11  Supply Depot  
  57  5:12  Supply Depot, SCV x2  
  57  5:13  Supply Depot  
  59  5:16  Marine x2  
  63  5:33  Marine  
  63  5:34  Marine  
  66  5:36  Barracks Tech Lab  
  66  5:39  Refinery, SCV x2  
  66  5:40  Refinery  
  66  5:41  Barracks Tech Lab  
  67  5:51  Command Center  
  24  6:25  SCV x2  
  19  6:37  SCV x2  
  20  6:49  SCV x2  
  22  7:01  SCV  
  22  7:02  Marine x2  
  22  7:03  Marine  
  22  7:04  SCV  
  22  7:05  Orbital Command  
  27  7:13  SCV  
  27  7:14  Marine  
  29  7:16  SCV  
  29  7:20  Marine  
  31  7:25  SCV  
  32  7:41  Marine  
  32  7:42  Marine x3  
  33  7:46  SCV x3  
  36  7:53  Combat Shields  
  36  7:55  Stimpack  
  36  7:58  SCV  
  36  8:04  SCV x2  
  39  8:10  Medivac x2  
  43  8:13  SCV  
  43  8:16  SCV x2  
  46  8:25  SCV  
  47  8:28  SCV  
  47  8:29  SCV  
  47  8:30  Missile Turret  
  49  8:37  SCV  
  49  8:40  SCV  
  49  8:41  SCV  
  52  8:44  Marine x4  
  52  8:47  Medivac  
  58  9:01  Marine  
  58  9:02  Marine x2  
  61  9:18  Marine  
  61  9:19  Marine  
  55  9:38  Marauder x2, Marine x2  
  57  9:42  Liberator x2  
  58  9:56  Marine x2  
  58  9:59  Marine  
  69  10:00  Marauder  
  63  10:17  Marine x2  
  63  10:18  Marine  
  63  10:20  Marine  
  52  10:29  SCV x2  
  52  10:30  SCV  
  52  10:35  Marine x2  
  57  10:41  SCV  
  53  10:47  Marine x2  
  55  10:53  Marine  
  41  11:23  Marauder x2, Marine x2  
  41  11:24  SCV x3  
  43  11:36  SCV  
  45  11:40  SCV x2  
  45  11:44  Marine x2  
  48  11:48  Terran Infantry Armor Level 1, SCV  
  48  11:52  SCV x2  
  51  11:59  Marauder x2  
  51  12:00  SCV  
  56  12:02  Marine x2  
  58  12:18  SCV x3  
  61  12:28  Medivac x2  
  65  12:42  SCV x3  
  68  12:52  Barracks  
  68  12:56  Barracks, Refinery  
  68  12:57  Refinery  
  68  13:01  Ghost Academy, Marine x2  
  68  13:02  Marauder x2  
  74  13:10  SCV x2  
  74  13:11  SCV  
  74  13:12  Engineering Bay  
  77  13:14  Armory  
  77  13:22  SCV  
  77  13:25  Medivac x2  
  82  13:29  Marine x2  
  82  13:30  Marauder x2, Command Center  
  82  13:31  SCV  
  89  13:37  SCV x2  
  91  13:41  Liberator x2  
  91  13:47  Barracks Reactor  
  91  13:48  Barracks Tech Lab  
  97  14:03  Terran Infantry Weapons Level 2  
  97  14:13  SCV x2  
  97  14:14  SCV  
  100  14:18  Terran Infantry Armor Level 2  
  100  14:25  SCV  
  86  15:09  Planetary Fortress  
  84  15:15  Marauder, Marine x3  
  84  15:16  Marauder  
  91  15:21  Liberator  
  91  15:22  Liberator  
  91  15:36  Marine  
  91  15:37  Marauder x2, Marine x2  
  104  15:53  Marine x2  
  104  15:54  Marine  
  107  15:57  SCV x3  
  107  16:01  SCV  
  111  16:05  Marauder, Marine x2  
  111  16:06  Marauder  
  111  16:09  SCV x2  
  119  16:11  Marine x2  
  119  16:12  Factory  
  119  16:14  Barracks  
  119  16:15  Barracks  
  121  16:21  Marine  
  121  16:22  Liberator x2  
  121  16:23  Marine x2  
  121  16:24  Terran Infantry Weapons Level 3  
  124  16:39  Marine x2, Sensor Tower, Command Center  
  132  16:44  Supply Depot x2  
  132  16:56  Marauder  
  132  16:58  Refinery  
  132  16:59  Refinery  
  131  17:03  Marauder  
  123  17:15  Marauder, Marine x6  
  113  17:18  Marauder  
  110  17:24  Marauder  
  112  17:33  Marine x4  
  116  17:49  Marauder, Marine x2  
  116  17:50  Marauder, Marine  
  78  18:21  Marauder x3, Marine x6  
  90  18:32  Liberator x2  
  83  18:39  Marine x3  
  71  18:45  Marauder x2, Marine x4  
  85  18:56  Marine  
  85  18:57  Marine x2  
  88  19:03  Marine  
  89  19:15  Liberator x2  
  88  19:32  Marine x2  
  88  19:33  Marauder  
  91  19:50  Ghost x2  
  91  19:52  Barracks Reactor, Barracks Tech Lab  
  95  19:53  SCV x4  
  95  19:55  Planetary Fortress  
  95  19:58  Terran Infantry Armor Level 3  
  99  20:02  Marine x5  
  104  20:13  SCV x4  
  108  20:15  Medivac x2  
  108  20:19  Supply Depot, Marine  
  108  20:20  Supply Depot  
  113  20:24  Marine x7  
  113  20:25  SCV x2  
  122  20:36  Marine  
  122  20:42  Marine x2  
  125  20:43  Marauder x2  
  115  21:32  Marauder x4, Marine  
  103  21:42  Marine x4  
  103  21:45  Medivac  
  103  21:46  Medivac  
  100  21:53  Marauder x2  
  102  21:56  SCV x3  
  102  21:57  SCV  
  106  22:05  Marine x5  
  106  22:06  Marauder  
  113  22:16  Marauder x2, Marine  
  118  22:25  Marine x4  
  122  22:33  SCV x3  
  125  23:02  Liberator x2  
  125  23:17  Marauder x2, Marine x3  
  138  23:30  Ghost x2  
  138  23:31  Marine x2  
  138  23:32  Marine  
  145  23:34  Command Center, Marine  
  145  23:35  Marine x2  
  145  23:37  Ghost  
  145  23:38  Ghost  
  152  23:45  Liberator  
  152  23:49  Marine x2  
  154  23:58  Ghost  
  154  23:59  Ghost  
  161  24:07  Marauder x2  
Tags
 
Add a new tag
Caveats
  • Supply blocks, unpowered buildings, or Contaminate may cause inaccurate times.
  • Supply counts are checked every 10 seconds.